 Dungeon Crawl Stone Soup version 0.26.0-10-g1f06aea511 (webtiles) character file.

Game seed: 14355631205323219227

0 Goblin1989 the Sneak (level 1, 0/16 HPs)
             Began as a Demonspawn Delver on Jan 23, 2021.
             Was an Initiate of Hepliaklqana.
             Succumbed to a worker ant's poison
             ... on level 5 of the Dungeon.
             The game lasted 00:05:01 (847 turns).

Goblin1989 the Sneak (Demonspawn Delver)             Turns: 847, Time: 00:05:01

Health: 0/16       AC:  3    Str: 12    XL:     1   Next: 8%
Magic:  1/1        EV: 12    Int: 11    God:    Hepliaklqana [......]
Gold:   19         SH:  0    Dex: 14    Spells: 0/0 levels left

rFire    . . .     SeeInvis .   a - +0 hand axe
rCold    . . .     Faith    .   (no shield)
rNeg     . . .     Spirit   .   b - +0 leather armour
rPois    .         Reflect  .   (no helmet)
rElec    .         Harm     .   (no cloak)
rCorr    .         Rampage  .   (no gloves)
Will     .....                  (no boots)
Stlth    ++........             (no amulet)
HPRegen  0.05/turn              (no ring)
MPRegen  0.07/turn              (no ring)

@: lethally poisoned (0 -> -6)
A: reduced essence
a: Renounce Religion, Recall Ancestor, Ancestor Identity


You were on level 5 of the Dungeon.
You worshipped Hepliaklqana.
Hepliaklqana was noncommittal.
You visited 2 branches of the dungeon, and saw 3 of its levels.

You collected 19 gold pieces.

Inventory:

Hand Weapons
 a - a +0 hand axe (weapon)
Missiles
 N - 2 boomerangs (quivered)
Armour
 b - a +0 leather armour (worn)
Jewellery
 O - a cursed ring of teleportation {unknown}
Wands
 g - a wand of digging (3) {@v1}
Scrolls
 c - a scroll of fog


   Skills:
 - Level 3.0 Fighting
 + Level 1.8 Axes
 - Level 1.7 Dodging
 - Level 4.5 Stealth


You couldn't memorise any spells.
You didn't know any spells.
Your spell library was empty.

Dungeon Overview and Level Annotations

Branches:
Dungeon (6/15)             Temple (1/1) D:5

Altars:
Ashenzari
Cheibriados
Fedhas
Hepliaklqana
Kikubaaqudgha
Makhleb
Nemelex Xobeh
Okawaru
Qazlal
Ru
Trog
Uskayaw
Vehumet
Zin
The Shining One


Message History

Anything else - Cancel.
Gang up on whom?
Press: ? - help, Dir - move target, f - ogre
Aim: an ogre, wielding a +0 giant club Attack!
Aula hits the ogre.
The ogre barely misses Aula.
Aula hits the ogre.
The ogre barely misses Aula.
Aula hits the ogre.
Aula hits the ogre.
The ogre closely misses Aula.
Aula completely misses the ogre.
The ogre barely misses Aula.
Aula barely misses the ogre.
The ogre hits Aula with a +0 giant club!!
Aula is destroyed!
There is a stone staircase leading down here.
You climb downwards.
There is a stone staircase leading up here.
There is a stone staircase leading up here.
You start waiting.
Aula emerges from the mists of memory!
You swap places.
You open the door.
There is an open door here.
A bullfrog comes into view.
You swap places.
There is an open door here.
The bullfrog hits Aula!
Aula is destroyed!
You feel yourself speed up. The bullfrog hits you.
You take 2 damage, and have 14/16 hp.
You hit the bullfrog.
The bullfrog is moderately wounded.
The bullfrog hits you but does no damage.
You closely miss the bullfrog.
The bullfrog is moderately wounded.
The bullfrog hits you but does no damage.
You closely miss the bullfrog.
The bullfrog is moderately wounded.
The bullfrog hits you.
You take 6 damage, and have 8/16 hp.
MASSIVE DAMAGE!!
The bullfrog closely misses you.
You hit the bullfrog.
The bullfrog is moderately wounded.
The bullfrog hits you.
* * * LOW HITPOINT WARNING * * *
You take 5 damage, and have 4/16 hp.
MASSIVE DAMAGE!!
As you read the scroll of fear, it crumbles to dust.
You assume a fearsome visage.
The bullfrog looks frightened!
There is a stone staircase leading up here.
You start resting.
Your extra speed is starting to run out.
You start resting.
You feel yourself slow down.
You start resting.
Aula emerges from the mists of memory!
You start resting.
A bullfrog is nearby!
Aula barely misses the bullfrog.
The bullfrog barely misses Aula.
You climb upwards.
The ogre closely misses you.
There is a stone staircase leading down here.
An ogre comes into view. It is wielding a +0 giant spiked club.
The worker ant bites you but does no damage.
The worker ant closely misses you. The worker ant bites you!
* * * LOW HITPOINT WARNING * * *
You take 7 damage, and have 7/16 hp.
MASSIVE DAMAGE!!
The worker ant bites you.
* * * LOW HITPOINT WARNING * * *
You are lethally poisoned!
The worker ant poisons you!
You take 3 damage, and have 5/16 hp.
* * * LOW HITPOINT WARNING * * *
You feel sick.
You take 1 damage, and have 4/16 hp.
You aren't carrying any potions.
As you read the scroll of magic mapping, it crumbles to dust.
You feel aware of your surroundings.
* * * LOW HITPOINT WARNING * * *
You feel sick. The worker ant bites you.
* * * LOW HITPOINT WARNING * * *
You take 2 damage, and have 2/16 hp.
An adder comes into view.
Unknown command.
The adder hisses angrily.
The adder barely misses you.
You miss the adder. You barely miss the worker ant.
* * * LOW HITPOINT WARNING * * *
You feel sick. The worker ant barely misses you. The adder misses you.
The worker ant bites you but does no damage.
You take 1 damage, and have 1/16 hp.
Unknown command.
You hit the adder.
The adder is heavily wounded.
You hit the worker ant. You hit the ogre. The adder closely misses you.
The worker ant closely misses you. The ogre barely misses you.
The adder closely misses you.
Unknown command.
You barely miss the adder.
The adder is heavily wounded.
You barely miss the worker ant. You hit the ogre.
You die...

·······················>▓········
···········.·········▓▓·▓········
▓·▓▓▓▓▓▓▓▓▓█.▓·····▓·▓▓·▓········
▓∆▓▓▓▓▓▓▓▓▓▓.███▓·······▓········
·············...·····▓▓·▓········
·············█..·················
·············█..█████████████····
·············█..█.█.█...█.█.███▓▓
·············█..@B█...█...█...█
▓▓···········█.S█O..█.█O█...█.█
▓▓···········█..█...█.█.█...█O█
···▓▓······.·█....█...█...█...█
···▓▓······..█..█.█.█...█.█.█.█
···▓·······.....█████████████.█
···▓···)......................█
···▓·.......█........█..███████ █
..▓▓·........█...>...█.......█ █


You could see an ogre, a worker ant and an adder.

Vanquished Creatures
  A frilled lizard (D:5)
1 creature vanquished.

Vanquished Creatures (others)
  2 ancestors
2 creatures vanquished.

Grand Total: 3 creatures vanquished

Notes
Turn   | Place    | Note
-------+----------+-------------------------------------------
     0 | D:5      | Goblin1989 the Demonspawn Delver began the quest for the
                  | Orb.
     0 | D:5      | Reached XP level 1. HP: 18/18 MP: 1/1
    11 | D:5      | Noticed a quasit
   137 | D:5      | Found a staircase to the Ecumenical Temple.
   148 | Temple   | Entered the Ecumenical Temple
   356 | Temple   | Became a worshipper of Hepliaklqana the Forgotten
   405 | D:5      | Found a hide-covered altar of Uskayaw.
   474 | D:5      | Noticed a worker ant
   474 | D:5      | Noticed an ogre
   586 | D:6      | Noticed a bullfrog
   794 | D:5      | Noticed an ogre
   847 | D:5      | Succumbed to a worker ant's poison

Illustrated notes

Levels and vault maps discovered:
D:5:      layout_basic, lemuel_doored_altar,
          minmay_temple_entry_statues_pillars, minmay_misc_feat_alley,
          hangedman_abyss_or_decor_slice
D:6:      layout_basic, yredelemnul_forgotten_temple_becter, led_sif_book,
          basic_altar
Temple:   eino_narrow_crystal_temple

Action                   || total
-------------------------++-------
Melee: Hand axe          ||    13
  Use: Scroll            ||     2
       Potion            ||     1
Armor: Leather armour    ||     6
Dodge: Dodged            ||    13
